 Dungeon Crawl Stone Soup version 0.18.1-8-gdd0e5ea (webtiles) character file.

2383 Wooh the Nimble (level 9, -8/43 HPs)
             Began as a Felid Berserker on May 25, 2016.
             Was a High Priest of Trog.
             Killed from afar by a lindwurm (46 damage)
             ... with a blast of flame
             ... on level 9 of the Dungeon.
             The game lasted 00:45:13 (10661 turns).

Wooh the Nimble (Felid Berserker)                  Turns: 10661, Time: 00:45:14

Health: -8/43      AC:  2    Str: 13    XL:     9   Next: 22%
Magic:  10/10      EV: 32    Int:  9    God:    Trog [*****.]
Gold:   485        SH:  0    Dex: 19    Spells: 0 memorised, 8 levels left
                                        Lives:  0   Deaths: 2

rFire  . . .     SeeInvis +       - Unarmed
rCold  . . .     Gourm    .     (armour unavailable)
rNeg   . . .     Faith    .     (shield unavailable)
rPois  .         Spirit   .     (helmet unavailable)
rElec  .         Dismiss  .     (cloak unavailable)
rCorr  .         Reflect  .     (gloves unavailable)
SustAt .         Harm     .     (boots unavailable)
MR     +....                    (no amulet)
Stlth  ++++++....               (no ring)
                                s - ring of stealth

@: flying, quick, somewhat resistant to hostile enchantments, very stealthy
A: no armour, no weapons or thrown items, claws 1, fangs 3, see invisible,
carnivore 3, speed 1, shaggy fur 2, slow metabolism 1, sharp paws
a: Berserk, Trog's Hand, Brothers in Arms, Burn Spellbooks, Renounce Religion


You were on level 9 of the Dungeon.
You worshipped Trog.
Trog was extremely pleased with you.
You were very full.

You visited 1 branch of the dungeon, and saw 10 of its levels.
You also visited: Sewer.

You collected 485 gold pieces.

Inventory:

Jewellery
 s - a ring of stealth (left paw)
Wands
 m - a wand of hasting (2/9)
 q - a wand of acid (5/15)
 x - a wand of confusion (23/48)
 z - a wand of lightning (8/15)
Scrolls
 b - 8 scrolls of remove curse
 d - a scroll of identify
 e - 4 scrolls of noise {unknown}
 h - a scroll of recharging {unknown}
 i - 3 scrolls of immolation
 k - 2 scrolls of teleportation
 o - a scroll of enchant armour {unknown}
 v - a scroll of fear {unknown}
 y - a scroll of random uselessness {unknown}
 B - a scroll of fog {unknown}
 D - a scroll of torment {unknown}
Potions
 c - 4 potions of flight
 f - 2 potions of haste
 g - 3 potions of curing
 j - 2 potions of cancellation
 n - a potion of agility
 p - a potion of might
 r - 2 potions of resistance
 t - 2 potions of berserk rage
 u - 2 potions of beneficial mutation {unknown}
 w - a potion of cure mutation {unknown}
 C - a potion of lignification {unknown}
Comestibles
 a - 3 meat rations
 l - 2 beef jerkies


   Skills:
 - Level 7.1 Fighting
 + Level 14.4 Dodging
 - Level 8.0 Stealth
 - Level 9.1 Unarmed Combat


You had 8 spell levels left.
You didn't know any spells.

Dungeon Overview and Level Annotations

Branches:
Dungeon (10/15)            Temple (0/1) D:7             Orc (0/2) D:9
   Lair: D:8-11

Altars:
Cheibriados
Dithmenos
Elyvilon
Gozag
Nemelex Xobeh
Pakellas
Vehumet
Xom
Zin
The Shining One

Shops:
D:6 (


Innate Abilities, Weirdness & Mutations

You cannot wear armour.
You are incapable of wielding weapons or throwing items.
You have sharp claws.
You have razor-sharp teeth.
You have supernaturally acute eyesight.
You are carnivorous and can eat meat at any time.
You cover ground quickly.
You are covered in thick fur (AC +2).
You have a slow metabolism.
Your sharp claws are effective at attacking unaware monsters.


Message History

You are no longer corroded.
The orc zombie is too close now for your liking.
There is an escape hatch in the floor here.
Why would you want to do that?
Drink which item? (? for menu, Esc to quit)
You feel very buoyant.
You fly up into the air.
The lindwurm roars! x2; You hear a roar! x2
The lindwurm barely misses you. The lindwurm claws you.
The lindwurm barely misses you.
You see here a scroll of remove curse.
b - 8 scrolls of remove curse (gained 1)
The lindwurm breathes flames at you. The blast of flame misses you.
The lindwurm breathes flames at you. The blast of flame misses you.
The lindwurm breathes flames at you. The blast of flame hits you!
Ouch! That really hurt!
You die...

.........§§§Z≈≈≈≈≈≈§§.≈.....#
...####...≈§≈≈≈§§≈≈§§§≈.....##
...# ##..§§≈§≈§≈§≈≈≈§§≈§.....#
...# #..≈≈≈§≈§§§§§§≈≈≈§≈≈§§..#
...# #...≈≈§≈§§§§..≈≈§§≈§§...#
.### #..§≈≈§§§..##...§≈§§§...#
.# #.≈≈≈≈≈≈..####..§≈≈≈≈...#
.# #..≈§≈≈..#..(k#..§§≈≈..##
.#####§§§§≈≈k##k@}$##.≈≈≈§≈.#
.......≈§§≈≈.##(k=?##.≈≈§§§.#
........§§≈§§§#.%?.#..≈§≈≈..#
.......≈≈≈§≈≈.k####..≈≈§§§..#
###.....≈≈≈≈≈§§.##...§≈≈§§≈§#
#......≈≈§≈≈≈§..§≈≈§§≈≈§..#
#.....§≈§§≈§≈≈§≈§≈≈§§§≈...#
#......§≈≈§§≈§§§§≈§≈§§≈..##
####..§.≈§§≈≈§≈§≈§§§§....#


You could see 4 lindwurms.

Vanquished Creatures
  Pikel (D:4)
  Maurice (D:8)
  Sigmund (D:2)
  A spriggan (D:7)
  Eustachio (D:5)
  5 yaks (D:9)
  A hippogriff (D:8)
  2 hungry ghosts
  An ice beast (D:9)
  4 orc warriors
  2 phantoms (D:9)
  The ghost of eragonby the Ruffian, an amateur TrMo (D:3)
  A sky beast (D:8)
  A slave (D:4)
  A necrophage (D:5)
  5 centaurs
  4 ogres
  A crocodile (Sewer)
  A big kobold (D:7)
  5 giant frogs
  3 troll zombies (D:9)
  7 wights
  6 killer bees (D:7)
  2 jellies (D:9)
  A howler monkey (D:7)
  5 crimson imps
  A quasit (D:9)
  A centaur zombie (D:3)
  3 orc priests
  7 hounds
  A centaur skeleton (D:9)
  A gnoll shaman (D:8)
  7 orc wizards
  2 iguanas
  9 worker ants
  2 ogre zombies (D:9)
  2 hound skeletons (D:5)
  2 worker ant zombies
  11 adders
  5 gnolls (D:8)
  A shadow imp (D:9)
  5 oozes
  2 adder skeletons
  2 worms
  4 dart slugs
  9 giant geckos
  29 orcs
  3 ball pythons
  7 giant cockroaches
  6 goblins
  11 hobgoblins
  6 jackals
  4 quokkas
  13 bats
  A giant gecko skeleton (D:3)
  6 giant newts
  A goblin zombie (D:9)
  A hobgoblin zombie (D:9)
  14 kobolds
  15 orc zombies (D:9)
  8 rats
  A plant (D:1)
267 creatures vanquished.

Vanquished Creatures (others)
  A hound skeleton (D:4)
1 creature vanquished.

Grand Total: 268 creatures vanquished

Notes
Turn   | Place    | Note
--------------------------------------------------------------
     0 | D:1      | Wooh the Felid Berserker began the quest for the Orb.
     0 | D:1      | Reached XP level 1. HP: 10/10 MP: 2/2
    36 | D:1      | Reached skill level 1 in Stealth
   407 | D:1      | Reached XP level 2. HP: 14/14 MP: 3/3
   634 | D:1      | Reached XP level 3. HP: 10/17 MP: 4/4
   854 | D:1      | Reached ** piety under Trog
  1205 | D:2      | Noticed Sigmund
  1215 | D:2      | Killed Sigmund
  1215 | D:2      | Reached XP level 4. HP: 18/21 MP: 5/5
  1215 | D:2      | Reached XP level 5. HP: 21/24 MP: 6/6
  1641 | D:2      | Found an opulent altar of Gozag.
  1826 | D:2      | Found a glowing silver altar of Zin.
  1826 | D:2      | Found a glowing golden altar of the Shining One.
  1827 | D:2      | Found a white marble altar of Elyvilon.
  2170 | D:3      | Found a snail-covered altar of Cheibriados.
  2188 | D:3      | Noticed eragonby's ghost (amateur TrMo)
  2276 | D:3      | Killed eragonby's ghost
  2276 | D:3      | Reached skill level 5 in Dodging
  2276 | D:3      | Gained mutation: You are covered in thick fur (AC +2). [Felid growth]
  2276 | D:3      | Reached XP level 6. HP: 5/28 MP: 7/7
  2338 | D:3      | Reached skill level 6 in Dodging
  2858 | D:3      | Reached *** piety under Trog
  3105 | D:4      | Reached skill level 7 in Dodging
  3108 | D:4      | Reached XP level 7. HP: 31/31 MP: 8/8
  3351 | D:4      | Reached skill level 8 in Dodging
  3545 | D:4      | Found a glowing drain.
  3549 | Sewer    | Entered a sewer
  3629 | Sewer    | Reached skill level 9 in Dodging
  3873 | D:4      | Reached **** piety under Trog
  3923 | D:4      | Found a sparkling altar of Nemelex Xobeh.
  3926 | D:4      | Found an oddly glowing altar of Pakellas.
  3929 | D:4      | Found a radiant altar of Vehumet.
  3932 | D:4      | Found a shimmering altar of Xom.
  4602 | D:4      | Noticed Pikel
  4638 | D:4      | Killed Pikel
  4638 | D:4      | Reached XP level 8. HP: 34/34 MP: 9/9
  4963 | D:5      | Entered Level 5 of the Dungeon
  5638 | D:5      | Noticed Eustachio
  5641 | D:5      | Killed Eustachio
  5665 | D:5      | Reached XP level 9. HP: 37/37 MP: 10/10
  6383 | D:6      | Found a shadowy altar of Dithmenos.
  6403 | D:6      | Found Qourph's Weapon Boutique.
  6762 | D:7      | Found a staircase to the Ecumenical Temple.
  6846 | D:7      | Reached skill level 5 in Fighting
  8194 | D:8      | Reached skill level 10 in Dodging
  8579 | D:8      | You fall through a shaft for 2 floors!
  8579 | D:10     | Entered Level 10 of the Dungeon
  8594 | D:9      | Noticed a lindwurm
  8728 | D:8      | Reached XP level 10. HP: 47/47 MP: 11/11
  8734 | D:8      | Reached ***** piety under Trog
  8780 | D:8      | Reached skill level 11 in Dodging
  9138 | D:8      | Noticed Maurice
  9187 | D:8      | Killed Maurice
  9187 | D:8      | Reached skill level 12 in Dodging
  9608 | D:9      | Noticed a hill giant
  9735 | D:9      | Noticed a lindwurm
  9751 | D:9      | Noticed a lindwurm
  9769 | D:9      | Noticed a lindwurm
  9772 | D:9      | Killed from afar by a lindwurm
  9773 | D:9      | Reached XP level 9. HP: -25/43 MP: 10/10
  9899 | D:9      | Reached skill level 13 in Dodging
  9977 | D:9      | Slain by a troll zombie
  9978 | D:9      | Reached XP level 8. HP: 0/60 MP: 9/9
 10038 | D:9      | Reached skill level 14 in Dodging
 10038 | D:9      | Reached XP level 9. HP: 12/43 MP: 10/10
 10138 | D:9      | Found a staircase to the Orcish Mines.
 10661 | D:9      | Killed from afar by a lindwurm

Skill      XL: |  1  2  3  4  5  6  7  8  9 10 |
---------------+-------------------------------+-----
Stealth        | 2 4 7 8 |  8.0
Dodging        | 5 7 9 14 13 12 | 14.4
Unarmed Combat | 6 8 9 |  9.1
Fighting       | 7 |  7.1

Action                   |  1- 3 |  4- 6 |  7- 9 | 10-12 || total
-------------------------+-------+-------+-------+-------++-------
Melee: Unarmed           |   183 |   142 |   539 |   113 ||   977
       Bite              |    16 |    14 |    76 |     9 ||   115
       Punch             |     2 |     4 |    18 |     5 ||    29
Invok: Berserk           |     3 |     4 |    11 |     6 ||    24
       Trog's Hand       |     1 |     2 |     7 |     3 ||    13
  Use: Scroll            |       |     6 |     7 |       ||    13
       Potion            |       |       |     1 |     1 ||     2
 Stab: Sleeping          |     5 |    14 |    29 |     6 ||    54
       Distracted        |     1 |     3 |     6 |       ||    10
  Eat: Chunk             |     9 |     9 |    32 |     8 ||    58
Armor: Skin              |    13 |     5 |    16 |     1 ||    35
Dodge: Dodged            |    90 |    97 |   443 |   142 ||   772
